 Dungeon Crawl Stone Soup version 0.21-a0-507-ga8f6b7a (webtiles) character file.

1693 esteth the Schismatic (level 9, -4/72 HPs)
             Began as a Formicid Abyssal Knight on Nov 26, 2017.
             Was an Elder of Lugonu.
             Slain by an ogre
             ... wielding a +0 giant spiked club
              (18 damage)
             ... in the Ecumenical Temple on Nov 27, 2017.
             The game lasted 00:13:34 (5542 turns).

esteth the Schismatic (Formicid Abyssal Knight)     Turns: 5542, Time: 00:13:35

Health: -4/72      AC:  6    Str: 16    XL:     9   Next: 22%
Magic:  4/4        EV: 12    Int: 13    God:    Lugonu [****..]
Gold:   252        SH:  0    Dex: 13    Spells: 6/8 levels left

rFire    . . .     SeeInvis +   w - +1 trident (antimagic)
rCold    . . .     Gourm    .   (no shield)
rNeg     . . .     Faith    .   q - +0 ring mail
rPois    .         Spirit   .   (helmet unavailable)
rElec    .         Reflect  .   (no cloak)
rCorr    .         Harm     .   i - +0 pair of gloves
MR       .....                  (no boots)
Stlth    +.........             e - amulet of regeneration
HPRegen  0.62/turn              l - +2 ring of evasion
MPRegen  0.09/turn              (no ring)

@: no status effects
A: permanent stasis, dig shafts and tunnels, four strong arms, antennae 3
a: Dig, Shaft Self, Depart the Abyss, Bend Space, Banish, Corrupt, Renounce
Religion


You were in the Ecumenical Temple.
You worshipped Lugonu.
Lugonu was greatly pleased with you.
You were not hungry.

You visited 2 branches of the dungeon, and saw 8 of its levels.
You visited the Abyss 1 time.

You collected 252 gold pieces.

Inventory:

Hand Weapons
 a - a +1 spear
 w - a +1 antimagic trident (weapon)
Armour
 b - a +0 leather armour
 i - a +0 pair of gloves (worn)
 q - a +0 ring mail (worn)
Jewellery
 e - an amulet of regeneration (around neck)
 l - a +2 ring of evasion (left hand)
 B - a +2 ring of slaying {unknown}
 C - an uncursed amulet of guardian spirit
Scrolls
 h - a scroll of amnesia
 j - 4 scrolls of teleportation
 m - 2 scrolls of fog {unknown}
 o - a scroll of immolation {unknown}
 v - 6 scrolls of remove curse {unknown}
 y - a scroll of fear {unknown}
 G - 2 scrolls of identify
 H - 2 scrolls of magic mapping {unknown}
 I - a scroll of vulnerability {unknown}
 J - a scroll of summoning {unknown}
Potions
 f - 3 potions of curing
 k - a potion of degeneration {unknown}
 n - a potion of flight {unknown}
 p - a potion of invisibility {unknown}
 s - a potion of brilliance {unknown}
 t - 4 potions of mutation {unknown}
 u - 3 potions of heal wounds {unknown}
 x - a potion of magic {unknown}
 A - a potion of ambrosia {unknown}
 F - 2 potions of lignification {unknown}
Books
 r - a Grand Grimoire

   Spells                             Type                      Level
   a - Monstrous Menagerie            Summoning                    7
   b - Summon Greater Demon           Summoning                    7
   c - Malign Gateway                 Summoning/Translocation      7
   d - Summon Horrible Things         Summoning                    8
 z - a book of Minor Magic

   Spells                             Type                      Level
   a - Magic Dart                     Conjuration                  1
   b - Blink                          Translocation                2
   c - Call Imp                       Summoning                    2
   d - Slow                           Hexes                        2
   e - Conjure Flame                  Conjuration/Fire             3
   f - Mephitic Cloud                 Conjuration/Poison/Air       3
 E - a book of Conjurations

   Spells                             Type                      Level
   a - Magic Dart                     Conjuration                  1
   b - Searing Ray                    Conjuration                  2
   c - Dazzling Spray                 Conjuration/Hexes            3
   d - Fulminant Prism                Conjuration/Hexes            4
   e - Force Lance                    Conjuration/Translocation    4
   f - Iskenderun's Mystic Blast      Conjuration                  4
Comestibles
 c - 6 bread rations
 d - 12 fruits
 g - 6 meat rations


   Skills:
 + Level 7.3 Fighting
 + Level 6.3 Polearms
 - Level 2.1 Armour
 - Level 0.8 Dodging
 + Level 4.0 Summonings
 + Level 7.4 Invocations


You had 6 spell levels left.
You knew the following spells:

 Your Spells              Type           Power        Failure   Level  Hunger
a - Call Imp              Summ           ##......     17%         2    ###....


Dungeon Overview and Level Annotations

Branches:
Dungeon (7/15)             Temple (1/1) D:7

Altars:
Dithmenos
Elyvilon
Fedhas
Hepliaklqana
Kikubaaqudgha
Nemelex Xobeh
Okawaru
Ru
Trog
Xom
Yredelemnul

Shops:
D:4 *


Innate Abilities, Weirdness & Mutations

You cannot be hasted, slowed, berserked, paralysed or teleported.
You can dig through walls and to a lower floor.
Your four strong arms can wield two-handed weapons with a shield.
You have a pair of large antennae on your head. (SInv)


Message History

Press: ? - help, Dir - move target cursor, f - ogre
Aim: an ogre, wielding a giant spiked club You reach to attack!
You hit the ogre.
The ogre is lightly wounded.
You feel sick.
The crimson imp hits you but does no damage.
You feel sick.
You are no longer poisoned.
The shadow imp laughs crazily.
All of the chunks of flesh in your inventory have rotted away.
The ogre barely misses you.
Put on which piece of jewellery? (? for menu, Esc to quit)
Okay, then.
The crimson imp blinks!
The ogre hits you with a giant spiked club!!
* * * LOW HITPOINT WARNING * * *
The shadow imp lashes its tail.
You completely miss the bush.
The ogre hits you with a giant spiked club!!
You die...

...♣...## ##.......≈≈ .......#
+..P...≈≈≈ .......# +.......≈≈
≈......# +.......≈≈ ♣......##
##.......≈≈ ≈..P....###
###.......≈≈≈ ≈≈.....♣..###
###.5......≈≈≈≈
≈≈≈≈...<....#######........≈≈≈≈≈≈
≈≈≈≈...........P@O5.......≈≈≈≈≈≈≈
≈≈≈≈≈≈...............♣...≈≈≈≈≈≈≈≈
≈≈≈≈≈≈.....PP...♣........≈≈≈≈≈≈≈≈
≈≈≈≈≈≈≈.≈.P≈≈.≈≈≈.≈≈≈≈≈≈≈≈≈≈≈≈≈≈≈
≈≈≈≈≈≈≈≈≈≈≈≈≈≈≈≈≈≈≈≈≈≈≈≈≈≈≈≈≈≈≈≈
≈≈≈≈≈≈≈≈≈≈≈≈≈≈≈≈≈≈≈≈≈≈≈≈≈≈≈≈≈≈≈
≈≈≈≈≈≈≈≈≈≈≈≈≈≈≈≈≈≈≈≈≈≈≈≈≈≈≈≈≈≈
≈≈≈≈≈≈≈≈≈≈≈≈≈≈≈≈≈≈


You could see an ogre, a crimson imp and a shadow imp.

Vanquished Creatures
  An ice beast (D:5)
  2 eyes of draining (D:3)
  2 phantoms
  6 ogres
  A centaur (D:6)
  A bullfrog (D:6)
  A scorpion (D:4)
  A jelly (D:6)
  4 crimson imps
  2 hounds (D:4)
  2 orc wizards (D:6)
  A worker ant (D:6)
  A hound zombie (D:6)
  A hound skeleton (D:5)
  4 gnolls
  6 adders
  A shadow imp (D:7)
  An ooze (D:3)
  7 worms
  A leopard gecko (D:3)
  11 orcs
  7 bats
  12 goblins
  9 hobgoblins
  11 jackals
  4 quokkas
  A ball python (D:4)
  4 frilled lizards
  A giant cockroach zombie (D:5)
  A goblin zombie (D:4)
  6 kobolds
  A leopard gecko skeleton (D:4)
  A quokka zombie (D:6)
  8 rats
123 creatures vanquished.

Notes
Turn   | Place    | Note
-------+----------+-------------------------------------------
     0 | Abyss:1  | esteth the Formicid Abyssal Knight began the quest for the Orb.
     0 | Abyss:1  | Reached XP level 1. HP: 18/18 MP: 2/2
    52 | Abyss:1  | Noticed a thrashing horror
    53 | D:1      | Escaped the Abyss
   365 | D:1      | Reached * piety under Lugonu
   638 | D:1      | Reached XP level 2. HP: 24/24 MP: 3/3
  1140 | D:1      | Reached XP level 3. HP: 20/30 MP: 5/5
  1539 | D:2      | Reached ** piety under Lugonu
  1539 | D:2      | Reached XP level 4. HP: 28/37 MP: 6/6
  2019 | D:3      | Found an iron altar of Okawaru.
  2019 | D:3      | Found a sparkling altar of Nemelex Xobeh.
  2020 | D:3      | Found a blossoming altar of Fedhas.
  2020 | D:3      | Found a shadowy altar of Dithmenos.
  2024 | D:3      | Found a sacrificial altar of Ru.
  2024 | D:3      | Found a white marble altar of Elyvilon.
  2025 | D:3      | Found a hazy altar of Hepliaklqana.
  2203 | D:3      | Noticed an eye of draining
  2264 | D:4      | Found a runed door.
  2264 | D:4      | Noticed a human
  2365 | D:4      | Reached XP level 5. HP: 9/42 MP: 0/7
  2443 | D:4      | Found a basalt altar of Yredelemnul.
  2703 | D:4      | Reached XP level 6. HP: 10/50 MP: 3/9
  3012 | D:3      | Reached *** piety under Lugonu
  3048 | D:3      | Killed an eye of draining
  3048 | D:3      | Reached skill level 5 in Fighting
  3292 | D:3      | Noticed an eye of draining
  3295 | D:3      | Found a bloodstained altar of Trog.
  3304 | D:3      | Killed an eye of draining
  3304 | D:3      | Reached skill level 5 in Invocations
  3304 | D:3      | Reached XP level 7. HP: 56/56 MP: 0/10
  3447 | D:4      | Found Taeted's General Store.
  3481 | D:4      | Learned a level 2 spell: Call Imp
  3836 | D:5      | Entered Level 5 of the Dungeon
  4024 | D:5      | Reached skill level 1 in Summonings
  4233 | D:5      | Reached skill level 5 in Polearms
  4233 | D:5      | Reached XP level 8. HP: 42/64 MP: 4/12
  4272 | D:5      | Found an ancient bone altar of Kikubaaqudgha.
  4911 | D:6      | Reached XP level 9. HP: 30/71 MP: 4/14
  5000 | D:6      | Reached **** piety under Lugonu
  5123 | D:6      | Found a shimmering altar of Xom.
  5174 | D:6      | Found Dimafat's Distillery.
  5486 | D:7      | Upgraded the game from 0.21-a0-504-g2eda330 to 0.21-a0-507-ga8f6b7a
  5487 | D:7      | Found a staircase to the Ecumenical Temple.
  5501 | Temple   | Entered the Ecumenical Temple
  5542 | Temple   | Slain by an ogre

Vault maps used:
D:1:      matt_arrival_diagonals
D:2:      first_bread, serial_aquarium, aquarium_bridge_long_joined,
          aquarium_window_fake, aquarium_window_2, aquarium_window_1,
          aquarium_view_2g, aquarium_balcony_1b
D:3:      grunt_temple_overflow_open, trog_eyes_of_draining,
          uniq_crazy_yiuf_cottage
D:4:      serial_shops, shop, minmay_misc_feat_nine_boxes, dk_yredelemnul_ordeal
D:5:      kiku_gazebo_pond_becter
D:6:      serial_shops, shop, basic_altar, minmay_ogre_servants
D:7:      grunt_temple_overflow_diamond, minmay_temple_entry_grid,
          grunt_livestock, minmay_misc_feat_x, corexii_hall_statues_i,
          grunt_ministairs_14, okawaru_humans
Temple:   jpeg_temple_island

Skill      XL: |  1  2  3  4  5  6  7  8  9 |
---------------+----------------------------+-----
Invocations    | 3 4 5 6 7 |  7.4
Fighting       | 4 5 6 7 |  7.3
Polearms       | 3 4 5 6 |  6.3
Summonings     | 1 3 4 |  4.0
Armour         | |  2.1
Dodging        | |  0.8

Action                   |  1- 3 |  4- 6 |  7- 9 || total
-------------------------+-------+-------+-------++-------
Melee: Spear             |   148 |   129 |       ||   277
       Trident           |       |    75 |   330 ||   405
Invok: Depart the Abyss  |     1 |       |       ||     1
       Bend Space        |       |       |     1 ||     1
  Use: Potion            |       |     1 |       ||     1
       Scroll            |       |     6 |       ||     6
 Stab: Sleeping          |       |     2 |       ||     2
  Eat: Chunk             |     2 |     6 |     8 ||    16
Armor: Leather armour    |    48 |    44 |       ||    92
       Ring mail         |       |       |    74 ||    74
Dodge: Dodged            |   103 |   103 |   173 ||   379

Table legend:
 A = Spawn XP
 B = Non-spawn XP
 C = Spawn XP percentage of total XP
 D = Spawn monster count
 E = Non-spawn monster count
 F = Spawn count percentage of total count
 G = Total turns spent on level
                    A         B        C        D         E        F      G
               +---------+---------+-------+---------+---------+-------+---------
         Total |       0 |    2419 |   0.0 |       0 |     123 |   0.0 |  5542
               +---------+---------+-------+---------+---------+-------+---------
           D:1 |       0 |      35 |   0.0 |       0 |      18 |   0.0 |  1157
           D:2 |       0 |      60 |   0.0 |       0 |      24 |   0.0 |   728
           D:3 |       0 |     281 |   0.0 |       0 |      16 |   0.0 |   704
           D:4 |       0 |     354 |   0.0 |       0 |      19 |   0.0 |  1194
           D:5 |       0 |     483 |   0.0 |       0 |      12 |   0.0 |   624
           D:6 |       0 |    1195 |   0.0 |       0 |      33 |   0.0 |  1012
           D:7 |       0 |      11 |   0.0 |       0 |       1 |   0.0 |    29
               +---------+---------+-------+---------+---------+-------+---------
